 Dungeon Crawl Stone Soup version 0.31-a0-188-g5e087ee2ca (webtiles) character file.

Game seed: 5748919528836384496

6191 qw the Skirmisher (level 10, -2/63 HPs)
             Began as a Deep Elf Hunter on June 23, 2023.
             Was a Priest of Okawaru.
             Slain by a wolf (9 damage)
             ... on level 9 of the Dungeon.
             The game lasted 00:03:45 (7098 turns).

qw the Skirmisher (Deep Elf Hunter)                 Turns: 7098, Time: 00:03:46

Health: -2/63      AC: 18    Str: 16    XL:     10   Next: 60%
Magic:  14/15      EV: 18    Int: 15    God:    Okawaru [***...]
Gold:   68         SH:  5    Dex: 20    Spells: 9/9 levels left

rFire   . . .        Y - +3 shortbow (freeze)
rCold   + + .        (shield currently unavailable)
rNeg    . . .        q - +7 Kryia's mail coat {PotionHeal*2 rC+}
rPois   .            o - +2 helmet
rElec   .            (no cloak)
rCorr   .            (no gloves)
SInv    .            (no boots)
Will    +....        a - amulet of reflection
Stlth   ++           b - ring of protection from cold
HPRegen 0.30/turn    n - +6 ring of strength
MPRegen 0.14/turn

%: reflection
@: lethally poisoned (-2 -> -10), heroic
A: no striking features
a: Renounce Religion, Heroism


You were on level 9 of the Dungeon.
You worshipped Okawaru.
Okawaru was most pleased with you.
You visited 3 branches of the dungeon, and saw 11 of its levels.

You collected 480 gold pieces.
You spent 412 gold pieces at shops.


   Skills:
 - Level 7.0(12.0) Fighting
 - Level 14.0(19.0) Ranged Weapons
 - Level 3.1(8.1) Armour
 + Level 9.5(14.5) Dodging
 - Level 1.2(6.2) Stealth
 - Level 4.2 Invocations


You had 9 spell levels left.
You didn't know any spells.
Your spell library was empty.

Inventory:

Hand Weapons
 Y - a +3 shortbow of freezing (weapon)
Armour
 i - a +1 scale mail of fire resistance
 o - a +2 helmet (worn)
 q - the +7 Kryia's mail coat (worn) {PotionHeal*2 rC+}
   (You found it on level 5 of the Dungeon)

   PotionHeal*2: Potions heal its wearer twice as much.
   rC:        It protects you from cold.
Jewellery
 a - an amulet of reflection (around neck)
 b - a ring of protection from cold (left hand)
 h - a ring of resist corrosion
 n - a +6 ring of strength (right hand)
Wands
 g - a wand of digging (7)
Scrolls
 c - 2 scrolls of identify
Potions
 d - a potion of magic
 e - 2 potions of curing
 j - a potion of haste
 k - a potion of mutation

Dungeon Overview and Level Annotations

Branches:
Dungeon (9/15)             Temple (1/1) D:5            Lair (1/5) D:9
    Orc: D:9-12

Altars:
Ashenzari
Cheibriados
Dithmenos
Elyvilon
Fedhas
Gozag
Kikubaaqudgha
Makhleb
Nemelex Xobeh
Okawaru
Qazlal
Ru
Sif Muna
Trog
Uskayaw
Vehumet
Wu Jian
Xom
Yredelemnul
Zin
The Shining One

Shops:
D:1 [   D:2 (   D:5 [   D:6 [   D:7 [   D:9 [


Message History

You shoot an arrow.
The arrow hits the wolf but does no damage.
The wolf is heavily wounded.
You feel sick. The wolf misses you. The wolf barely misses you.
The wolf closely misses you.
The water moccasin completely misses you.
The wolf bites you but does no damage. The wolf misses you. x2
You block the wolf's attack. The wolf closely misses you.
The water moccasin barely misses you.
You shoot an arrow. The arrow hits the wolf!
The arrow freezes the wolf.
The wolf is almost dead.
You feel sick. The wolf bites you but does no damage.
The wolf closely misses you. x2; The wolf misses you.
You block the wolf's attack. The water moccasin bites you.
The wolf bites you but does no damage. x2
You shoot an arrow. The arrow misses the wolf.
The wolf bites you. The wolf barely misses you.
The wolf bites you but does no damage. The water moccasin misses you.
The wolf completely misses you. The wolf barely misses you.
The wolf bites you but does no damage. The wolf completely misses you.
You block the wolf's attack.
You shoot an arrow. The arrow misses the wolf.
You feel sick. The wolf barely misses you. The wolf bites you.
The water moccasin bites you.
You are lethally poisoned!
The water moccasin poisons you! The wolf barely misses you.
You block the wolf's attack. The wolf closely misses you.
The wolf barely misses you. The wolf closely misses you. x2
The water moccasin bites you but does no damage.
The wolf closely misses you.
You shoot an arrow. The arrow barely misses the wolf.
You feel very sick. The wolf misses you. You block the wolf's attack.
The wolf completely misses you. You block the wolf's attack.
The wolf bites you but does no damage. The wolf closely misses you.
The water moccasin barely misses you.
You shoot an arrow. The arrow misses the wolf.
You feel very sick.
The wolf barely misses you. x2; The wolf bites you!
You die...

#.##....#.......~#####.#
#.###.............~....#
#.###.....##.#.....#####
#...#..............?.#
###.....#.#...###....#
##.......##.####....##
#....#.###...##....).#######
#~...#..#..hh.#......#.....#
#....~.....@h........#...#.#
#######......#.hSh.#........#...#
....##~.....###....#.......###...
###%####......##.###........#...#
###.###~....#.#...#......##...#.#
##..[..[~...............).......#
##..#####.........#....#.###.#.##
##..## ##~............#.##..#.#
.....#####..#....)))#.##.##.##.#


You could see a water moccasin and 5 wolves.

Vanquished Creatures
  A two-headed ogre (D:7)
  A rime drake (D:9)
  2 wraiths (D:9)
  A wyvern (D:8)
  4 yaks (D:6)
  A steam dragon (D:6)
  3 orc warriors
  5 ice beasts (D:9)
  3 sky beasts
  3 black bears
  3 ogres
  4 centaurs
  A wolf (D:9)
  A phantom (D:4)
  2 kobold brigands
  2 scorpions
  2 bullfrogs
  6 wights
  5 killer bees (D:9)
  8 howler monkeys
  7 hounds
  2 jellies
  2 orc priests
  3 gnoll boudas
  5 iguanas
  2 orc wizards
  13 gnolls
  12 adders
  A white imp (D:6)
  An ufetubus (D:5)
  A worm (D:2)
  6 dart slugs
  19 orcs
  11 ball pythons
  5 bats
  7 endoplasms
  7 giant cockroaches
  7 goblins
  8 hobgoblins
  4 jackals (D:3)
  15 kobolds
  7 quokkas
  4 frilled lizards
  8 rats
215 creatures vanquished.

Notes
Turn   | Place    | Note
-------+----------+-------------------------------------------
     0 | D:1      | qw the Deep Elf Hunter began the quest for the Orb.
     0 | D:1      | Reached XP level 1. HP: 12/12 MP: 3/3
     0 | D:1      | 0 ||| qw: Version: 0.3-a-9-g12657ce
     0 | D:1      | 0 ||| qw: Game counter: 3169
     0 | D:1      | 0 ||| qw: Always use a shield: true
     0 | D:1      | 0 ||| qw: God list: Okawaru
     0 | D:1      | 0 ||| qw: Allow faded altars: false
     0 | D:1      | 0 ||| qw: Do Orc after D:15 true
     0 | D:1      | 0 ||| qw: Do second Lair branch before Depths: true
     0 | D:1      | 0 ||| qw: Lair rune preference: random
     0 | D:1      | 0 ||| qw: Plans: Normal
     0 | D:1      | 0 ||| PLANNING D:1-11
    38 | D:1      | 38 ||| FLEEEEING.
    42 | D:1      | Reached XP level 2. HP: 15/16 MP: 4/4
    89 | D:1      | Reached skill level 6 in Ranged Weapons
   261 | D:1      | Noticed an animated crystal plate armour
   262 | D:1      | 262 ||| UPGRADING to +0 ring mail.
   272 | D:1      | 272 ||| DROPPING +0 leather armour.
   286 | D:1      | Found Qaniug's Armour Shoppe.
   287 | D:1      | Noticed an animated pearl dragon scales
   296 | D:1      | 296 ||| SHOPLISTING +1 hat of willpower (224 gold, have 0).
   428 | D:1      | Reached XP level 3. HP: 20/20 MP: 5/5
   594 | D:1      | 594 ||| READING scroll labelled CENACK MEDGHUDGHAHUO.
   595 | D:1      | 595 ||| READING scroll labelled QUENOSH PERALL.
   696 | D:1      | 696 ||| READING scroll labelled ZEILOFEKOMA.
   697 | D:1      | 697 ||| READING scroll labelled EHU OBOSINNAHU.
   698 | D:1      | 698 ||| DROPPING scroll of butterflies.
   700 | D:1      | 700 ||| Stepping ~*~*~tactically~*~*~ (cloud).
   704 | D:1      | HP: 5/20 [poisoned by you (poison gas)]
   708 | D:1      | HP: 2/20 [poisoned by you (poison gas)]
   840 | D:2      | Found Coff's Antique Weapon Boutique.
   891 | D:2      | Reached skill level 7 in Ranged Weapons
   915 | D:2      | 915 ||| FLEEEEING.
   916 | D:2      | 916 ||| FLEEEEING.
   982 | D:2      | Reached XP level 4. HP: 25/25 MP: 6/6
  1048 | D:2      | You fall into a shaft and drop 1 floor!
  1115 | D:3      | 1115 ||| UPGRADING to amulet of reflection.
  1120 | D:3      | 1120 ||| READING scroll labelled XUPTO DOVAG.
  1121 | D:3      | 1121 ||| DRINKING 2 coppery potions.
  1149 | D:2      | Reached skill level 8 in Ranged Weapons
  2008 | D:3      | 2008 ||| READING scroll labelled MUISHR VUIWAT.
  2009 | D:3      | 2009 ||| READING scroll labelled SOVILIX VUI.
  2014 | D:3      | 2014 ||| READING scroll labelled ASEHYUMPI.
  2015 | D:3      | 2015 ||| READING 2 scrolls of identify.
  2015 | D:3      | 2015 ||| IDENTIFYING orange potion
  2103 | D:4      | Reached XP level 5. HP: 29/29 MP: 7/7
  2104 | D:4      | Found the +4 robe of Augmentation {Str+4 Int+4 Dex+4}
  2184 | D:4      | Reached skill level 9 in Ranged Weapons
  2241 | D:4      | Found a radiant altar of Vehumet.
  2328 | D:4      | Found a sparkling altar of Nemelex Xobeh.
  2328 | D:4      | Found an opulent altar of Gozag.
  2512 | D:4      | Noticed a phantom
  2528 | D:4      | Killed a phantom
  2529 | D:4      | Reached XP level 6. HP: 30/35 MP: 8/8
  2624 | D:4      | 2624 ||| DROPPING +0 sling of flaming.
  2779 | D:4      | 2779 ||| UPGRADING to +4 robe of Augmentation {Str+4 Int+4
                  | Dex+4}.
  2789 | D:4      | 2789 ||| DROPPING +0 ring mail.
  2790 | D:4      | 2790 ||| UPGRADING to +6 ring of strength.
  2816 | D:5      | Entered Level 5 of the Dungeon
  2820 | D:5      | Reached skill level 3 in Dodging
  2820 | D:5      | 2820 ||| STAIRDANCE
  2827 | D:4      | Reached skill level 10 in Ranged Weapons
  2827 | D:4      | Reached XP level 7. HP: 18/40 MP: 9/9
  2927 | D:5      | Found a staircase to the Ecumenical Temple.
  2928 | D:5      | 2928 ||| PLANNING TEMPLE
  2928 | D:5      | 2928 ||| UPGRADING to +0 helmet.
  2945 | Temple   | Entered the Ecumenical Temple
  2966 | Temple   | 2966 ||| PLANNING OKAWARU WORSHIP
  3041 | Temple   | Became a worshipper of Warmaster Okawaru
  3042 | Temple   | 3042 ||| PLANNING D:1-11
  3080 | D:5      | Found Jeulezxa's Antique Armour Boutique.
  3087 | D:5      | Found a hide-covered altar of Uskayaw.
  3107 | D:5      | 3107 ||| BUYING glowing helmet (172 gold).
  3107 | D:5      | Bought a glowing helmet for 172 gold pieces
  3107 | D:5      | 3107 ||| SHOPLISTING pair of boots (103 gold, have 6).
  3107 | D:5      | 3107 ||| SHOPLISTING runed ring mail (161 gold, have 6).
  3143 | D:5      | 3143 ||| Stepping ~*~*~tactically~*~*~ (outnumbered).
  3161 | D:5      | Reached skill level 11 in Ranged Weapons
  3325 | D:5      | Found the +7 Kryia's mail coat {PotionHeal*2 rC+}
  3670 | D:5      | 3670 ||| UPGRADING to +2 helmet.
  3680 | D:5      | 3680 ||| DROPPING +0 helmet.
  3681 | D:5      | 3681 ||| UPGRADING to +7 Kryia's mail coat {PotionHeal*2
                  | rC+}.
  3691 | D:5      | 3691 ||| DROPPING +4 robe of Augmentation {Str+4 Int+4
                  | Dex+4}.
  3692 | D:5      | 3692 ||| UPGRADING to ring of resist corrosion.
  3693 | D:5      | 3693 ||| DROPPING +6 ring of intelligence.
  3694 | D:5      | 3694 ||| READING scroll labelled QOFOURR OSAYQ.
  3695 | D:5      | 3695 ||| READING scroll labelled SIRUTO LOPITHRA.
  3696 | D:5      | 3696 ||| DRINKING 2 fuming sapphire potions.
  3697 | D:5      | 3697 ||| DRINKING potion of curing.
  3697 | D:5      | 3697 ||| (to cure confusion)
  3698 | D:5      | 3698 ||| DRINKING 2 smoky green potions.
  3732 | D:5      | 3732 ||| DRINKING 2 puce potions.
  3733 | D:5      | 3733 ||| READING 2 scrolls of identify.
  3733 | D:5      | 3733 ||| IDENTIFYING glowing red potion
  3734 | D:5      | 3734 ||| DROPPING potion of ambrosia.
  3735 | D:5      | 3735 ||| DROPPING potion of lignification.
  3754 | D:6      | Reached * piety under Okawaru
  3755 | D:6      | Reached skill level 1 in Armour
  3765 | D:6      | Noticed a steam dragon
  3766 | D:6      | 3766 ||| INVOKING Heroism.
  3773 | D:6      | Killed a steam dragon
  3774 | D:6      | Reached skill level 12 in Ranged Weapons
  3774 | D:6      | Reached XP level 8. HP: 33/44 MP: 7/10
  3774 | D:6      | 3774 ||| Stepping ~*~*~tactically~*~*~ (cloud).
  3784 | D:6      | 3784 ||| FLEEEEING.
  3785 | D:6      | 3785 ||| FLEEEEING.
  3786 | D:6      | 3786 ||| FLEEEEING.
  3787 | D:6      | 3787 ||| STAIRDANCE
  3819 | D:5      | 3819 ||| READING scroll labelled KOROXK FEIDETZ.
  3900 | D:6      | Reached skill level 1 in Invocations
  3980 | D:6      | Reached skill level 3 in Fighting
  3995 | D:6      | Reached skill level 3 in Invocations
  3996 | D:6      | 3996 ||| INVOKING Heroism.
  4004 | D:6      | HP: 11/46 [yak (3)]
  4005 | D:6      | 4005 ||| READING 2 scrolls of teleportation.
  4005 | D:6      | HP: 2/46 [yak (9)]
  4006 | D:6      | 4006 ||| DRINKING potion of heal wounds.
  4008 | D:6      | Found Xupuoras's Antique Armour Boutique.
  4009 | D:6      | Reached skill level 13 in Ranged Weapons
  4022 | D:6      | 4022 ||| SHOPLISTING pair of boots (108 gold, have 55).
  4022 | D:6      | 4022 ||| SHOPLISTING pair of glowing gloves (180 gold, have
                  | 55).
  4022 | D:6      | 4022 ||| SHOPLISTING polished scale mail (216 gold, have
                  | 55).
  4022 | D:6      | 4022 ||| SHOPLISTING shiny helmet (180 gold, have 55).
  4022 | D:6      | 4022 ||| SHOPLISTING shiny scale mail (168 gold, have 55).
  4130 | D:6      | 4130 ||| INVOKING Heroism.
  4157 | D:6      | Reached ** piety under Okawaru
  4158 | D:6      | Reached XP level 9. HP: 50/50 MP: 14/14
  4240 | D:6      | 4240 ||| INVOKING Heroism.
  4483 | D:6      | 4483 ||| DROPPING amulet of magic regeneration.
  4484 | D:6      | 4484 ||| READING scroll labelled ROM BINEBYR.
  4508 | D:7      | 4508 ||| INVOKING Heroism.
  4520 | D:7      | Reached skill level 14 in Ranged Weapons
  4553 | D:7      | 4553 ||| INVOKING Heroism.
  4649 | D:7      | Found Goalep's Armour Shop.
  4751 | D:7      | 4751 ||| Stepping ~*~*~tactically~*~*~ (outnumbered).
  4754 | D:7      | 4754 ||| INVOKING Heroism.
  4755 | D:7      | 4755 ||| Stepping ~*~*~tactically~*~*~ (outnumbered).
  4991 | D:7      | Found a bloodstained altar of Trog.
  5137 | D:7      | 5137 ||| Stepping randomly (stuck).
  5214 | D:8      | Reached skill level 6 in Dodging
  5218 | D:8      | 5218 ||| INVOKING Heroism.
  5249 | D:8      | 5249 ||| INVOKING Heroism.
  5290 | D:8      | Noticed a two-headed ogre
  5291 | D:8      | 5291 ||| FLEEEEING.
  5292 | D:8      | 5292 ||| STAIRDANCE
  5368 | D:7      | 5368 ||| UPGRADING to ring of protection from cold.
  5370 | D:7      | 5370 ||| UPGRADING to +6 ring of strength.
  5374 | D:8      | 5374 ||| STAIRDANCE
  5376 | D:7      | 5376 ||| INVOKING Heroism.
  5385 | D:7      | Killed a two-headed ogre
  5386 | D:7      | Reached XP level 10. HP: 37/60 MP: 13/15
  5541 | D:8      | 5541 ||| READING 2 scrolls of identify.
  5541 | D:8      | 5541 ||| IDENTIFYING yellow potion
  5542 | D:8      | 5542 ||| DROPPING potion of brilliance.
  5554 | D:7      | 5554 ||| Stepping randomly (stuck).
  5572 | D:8      | Found a broken altar of Ashenzari.
  5597 | D:8      | 5597 ||| READING scroll of enchant weapon.
  5597 | D:8      | 5597 ||| ENCHANTING +1 shortbow of draining.
  5726 | D:8      | Found a shimmering altar of Xom.
  5923 | D:9      | 5923 ||| INVOKING Heroism.
  6010 | D:9      | 6010 ||| INVOKING Heroism.
  6153 | D:9      | Reached skill level 6 in Fighting
  6154 | D:9      | 6154 ||| FLEEEEING.
  6155 | D:9      | 6155 ||| FLEEEEING.
  6158 | D:9      | 6158 ||| FLEEEEING.
  6159 | D:9      | 6159 ||| FLEEEEING.
  6162 | D:9      | 6162 ||| FLEEEEING.
  6163 | D:9      | 6163 ||| FLEEEEING.
  6164 | D:9      | 6164 ||| STAIRDANCE
  6397 | D:9      | Reached skill level 3 in Armour
  6398 | D:9      | 6398 ||| INVOKING Heroism.
  6416 | D:9      | Reached skill level 9 in Dodging
  6422 | D:9      | Reached *** piety under Okawaru
  6428 | D:9      | HP: 12/60 [centaur/arrow (8)]
  6429 | D:9      | 6429 ||| READING scroll of teleportation.
  6434 | D:9      | 6434 ||| INVOKING Heroism.
  6687 | D:9      | 6687 ||| INVOKING Heroism.
  6771 | D:9      | 6771 ||| SWAPPING to +3 shortbow of freezing.
  6772 | D:9      | 6772 ||| DROPPING +2 shortbow of draining.
  6779 | D:9      | Found a staircase to the Lair.
  6830 | D:9      | Found Feninkyo's Armour Emporium.
  6837 | D:9      | 6837 ||| BUYING +1 scale mail of fire resistance (240
                  | gold).
  6837 | D:9      | Bought a +1 scale mail of fire resistance for 240 gold
                  | pieces
  6837 | D:9      | 6837 ||| SHOPLISTING +2 cloak (247 gold, have 38).
  7023 | D:9      | 7023 ||| PLANNING LAIR
  7023 | D:9      | 7023 ||| READING scroll labelled KEEHIQ DUJAZAM.
  7024 | D:9      | 7024 ||| READING 4 scrolls of identify.
  7024 | D:9      | 7024 ||| IDENTIFYING metallic ruby potion
  7025 | D:9      | 7025 ||| READING 3 scrolls of identify.
  7025 | D:9      | 7025 ||| IDENTIFYING green potion
  7026 | D:9      | 7026 ||| DROPPING potion of attraction.
  7080 | Lair:1   | Entered Level 1 of the Lair of Beasts
  7088 | Lair:1   | 7088 ||| STAIRDANCE
  7090 | D:9      | 7090 ||| INVOKING Heroism.
  7096 | D:9      | HP: 14/63 [wolf (3)]
  7098 | D:9      | Slain by a wolf

Levels and vault maps discovered:
D:1:      onia_arrival_handbag, layout_loops_ring, serial_shops,
          nicolae_shop_mannequins
D:2:      minmay_skewed_foursquare, layout_loops_cross, serial_shops, shop
D:3:      layout_basic
D:4:      layout_basic, grunt_temple_overflow_opulence, nicolae_vehumet_radiance
D:5:      layout_rooms, eat_drink_and_be_merry_uskayaw,
          minmay_temple_entry_statues_fountains, serial_shops,
          nicolae_shop_stone
D:6:      layout_gridville, serial_shops, nicolae_shop_just_a_little_nook
D:7:      layout_rooms, mainiacjoe_overflow_alcove_2, serial_shops,
          nicolae_take_the_stairs
D:8:      layout_rooms, mainiacjoe_overflow_catwalk_spiral, serial_glass,
          glass_columns_a, glass_columns_a, minmay_strange_pillars
D:9:      layout_loops_cross, hellmonk_lair_entry_icy, serial_shops, shop,
          st_stairs_14
Temple:   compressed_dpeg_circular_temple
Lair:1:   minmay_lair_oklob_chamber, layout_regular_city, serial_bayou_lake_a,
          serial_bayou_shore_a, lemuel_fruit_tree

Skill      XL: |  1  2  3  4  5  6  7  8  9 10 |
---------------+-------------------------------+-----
Ranged Weapons | 6 7 8 9 10 12 13 14 | 14.0
Fighting       | 2 3 5 7 |  7.0
Dodging        | 4 5 7 9 |  9.5
Armour         | 1 2 3 |  3.1
Invocations    | 4 |  4.2
Stealth        | |  1.2

Action                     |  1- 3 |  4- 6 |  7- 9 | 10-12 || total
---------------------------+-------+-------+-------+-------++-------
   Fire: Shortbow          |   118 |   156 |   318 |   181 ||   773
 Invoke: Heroism           |       |       |    10 |     6 ||    16
    Use: Scroll            |     4 |     5 |     6 |     6 ||    21
         Potion            |       |     1 |     5 |       ||     6
 Armour: Leather armour    |     3 |       |       |       ||     3
         Ring mail         |    10 |    23 |       |       ||    33
         Robe              |       |       |     7 |       ||     7
         Scale mail        |       |       |   134 |    60 ||   194
  Dodge: Dodged            |    18 |    39 |   205 |   142 ||   404
  Block: Other             |       |    12 |    73 |    40 ||   125
         Reflection        |       |       |       |     3 ||     3

Table legend:
 A = Non-vault XP
 B = Vault XP
 C = Vault XP percentage of total XP
 D = Non-vault monster count
 E = Vault monster count
 F = Vault count percentage of total count
                 A         B        C        D         E       F
            +---------+---------+-------+---------+---------+-------
      Total |    7449 |    1396 |  15.8 |     198 |      17 |   7.9
            +---------+---------+-------+---------+---------+-------
        D:1 |      42 |       5 |  10.6 |      24 |       4 |  14.3
        D:2 |      80 |      22 |  21.6 |      23 |       5 |  17.9
        D:3 |      37 |       0 |   0.0 |      13 |       0 |   0.0
        D:4 |     456 |       0 |   0.0 |      23 |       0 |   0.0
        D:5 |     693 |       0 |   0.0 |      18 |       0 |   0.0
        D:6 |    1806 |       0 |   0.0 |      24 |       0 |   0.0
        D:7 |    1312 |       0 |   0.0 |      18 |       0 |   0.0
        D:8 |    1250 |       0 |   0.0 |      21 |       0 |   0.0
        D:9 |    1645 |    1369 |  45.4 |      33 |       8 |  19.5
     Lair:1 |     128 |       0 |   0.0 |       1 |       0 |   0.0
            +---------+---------+-------+---------+---------+-------
